 Dungeon Crawl Stone Soup version 0.23.0-3-gf3c87f2 (webtiles) character file.

Game seed: 15940413857541713683

78 wolfsongas the Magician (level 4, 28/28 HPs)
             Began as a Gnoll Wizard on Feb 23, 2019.
             Was a Believer of Lugonu.
             Quit the game on level 3 of the Dungeon on Feb 24, 2019.
             The game lasted 00:05:02 (2310 turns).

wolfsongas the Magician (Gnoll Wizard)              Turns: 2310, Time: 00:05:02

Health: 28/28      AC:  3    Str:  9    XL:     4   Next: 36%
Magic:  13/13      EV: 15    Int: 21    God:    Lugonu [**....]
Gold:   186        SH:  0    Dex: 17    Spells: 14/17 levels left

rFire    . . .     SeeInvis .     - Unarmed
rCold    + . .     Gourm    .   (no shield)
rNeg     . . .     Faith    .   e - +1 robe {rC+}
rPois    .         Spirit   .   b - +0 hat
rElec    .         Reflect  .   (no cloak)
rCorr    .         Harm     .   (no gloves)
MR       .....                  (no boots)
Stlth    +++.......             (no amulet)
HPRegen  0.09/turn              g - +3 ring of dexterity (curse)
MPRegen  0.13/turn              (no ring)

@: no status effects
A: distributed training, fangs 1, horns 1, frail 1, strong nose
a: Depart the Abyss, Bend Space, Renounce Religion


You were on level 3 of the Dungeon.
You worshipped Lugonu.
Lugonu was pleased with you.
You were hungry.

You visited 1 branch of the dungeon, and saw 3 of its levels.

You collected 186 gold pieces.

Inventory:

Armour
 b - a +0 hat (worn)
 e - a +1 robe of cold resistance (worn)
 i - a cursed +0 leather armour
Jewellery
 g - a cursed +3 ring of dexterity (left hand)
Wands
 h - a wand of enslavement (8)
Scrolls
 a - 2 scrolls of magic mapping
 k - 4 scrolls of teleportation
Potions
 c - a potion of haste
 f - 3 potions of flight
 j - a potion of agility
Comestibles
 d - 9 rations


   Skills:
 + Level 1.1 Fighting
 + Level 1.1 Short Blades
 + Level 1.1 Long Blades
 + Level 1.1 Axes
 + Level 1.1 Maces & Flails
 + Level 1.1 Polearms
 + Level 1.1 Staves
 + Level 1.1 Slings
 + Level 1.1 Bows
 + Level 1.1 Crossbows
 + Level 1.1 Throwing
 + Level 1.1 Armour
 + Level 4.6 Dodging
 + Level 4.2 Stealth
 + Level 1.1 Shields
 + Level 1.1 Unarmed Combat
 + Level 7.2 Spellcasting
 + Level 2.2 Conjurations
 + Level 0.8 Hexes
 + Level 0.8 Charms
 + Level 2.2 Summonings
 + Level 0.8 Necromancy
 + Level 2.2 Translocations
 + Level 0.8 Transmutations
 + Level 0.8 Fire Magic
 + Level 0.8 Ice Magic
 + Level 0.8 Air Magic
 + Level 0.8 Earth Magic
 + Level 0.8 Poison Magic
 + Level 1.2 Invocations
 + Level 1.1 Evocations


You had 14 spell levels left.
You knew the following spells:

 Your Spells              Type           Power        Failure   Level  Hunger
a - Magic Dart            Conj           ###.         3%          1    None
b - Call Imp              Summ           ###.....     5%          2    None

Your spell library contained the following spells:

 Spells                   Type           Power        Failure   Level  Hunger
 Blink                    Tloc           N/A          5%          2    None
 Slow                     Hex            ##......     9%          2    None
 Conjure Flame            Conj/Fire      ##......     14%         3    None
 Mephitic Cloud           Conj/Pois/Air  ##......     16%         3    None


Dungeon Overview and Level Annotations

Branches:
Dungeon (3/15)

Altars:
Cheibriados
Xom
Yredelemnul
The Shining One
Lugonu


Innate Abilities, Weirdness & Mutations

Your experience applies equally to all skills.
You have very sharp teeth.
Your uncanny sense of smell can sniff out nearby items.
You have a pair of small horns on your head.
You are frail. (-10% HP)


Message History

You can't see any susceptible monsters within range! (Use Z to cast anyway.)
Casting: Magic Dart (safe; 3% risk of failure)
Confirm with . or Enter, or press ? or * to list all spells.
You can't see any susceptible monsters within range! (Use Z to cast anyway.)
Casting: Magic Dart (safe; 3% risk of failure)
Confirm with . or Enter, or press ? or * to list all spells.
You can't see any susceptible monsters within range! (Use Z to cast anyway.) Welcome back, wolfsongas the Gnoll Wizard.
Lugonu says: Spread carnage and corruption!
Press ? for a list of commands and other information.
k - 4 scrolls of teleportation (gained 1) Magic restored.
A quokka comes into view.
Quiver which item? (- for none, * to show all) (? for menu, Esc to quit)
Okay, then.
Quiver which item? (- for none, * to show all) (? for menu, Esc to quit)
Okay, then.
Unknown command.
Unknown command.
Are you sure you want to abandon this character and quit the game? (Confirm with "yes".)

# ∆ #r #
#.# ... ###
#.###...#
∆..###@...#
#.#.###...#
#.## ## #.#
#.# #.# #.#
#.# #. #.#


You could see a quokka (wandering).

Vanquished Creatures
  An adder (D:2)
  A dart slug (D:1)
  2 worms (D:2)
  2 leopard geckos (D:1)
  A ball python (D:1)
  5 bats (D:1)
  7 giant cockroaches
  4 goblins
  9 hobgoblins
  2 jackals (D:1)
  6 frilled lizards
  8 kobolds
  7 rats
55 creatures vanquished.

Notes
Turn   | Place    | Note
-------+----------+-------------------------------------------
     0 | D:1      | wolfsongas the Gnoll Wizard began the quest for the Orb.
     0 | D:1      | Reached XP level 1. HP: 13/13 MP: 8/8
   177 | D:1      | Found a snail-covered altar of Cheibriados.
   179 | D:1      | Reached XP level 2. HP: 19/19 MP: 7/10
   424 | D:1      | Learned a level 2 spell: Call Imp
   568 | D:1      | Reached XP level 3. HP: 25/25 MP: 7/11
  1012 | D:1      | Reached skill level 1 in Invocations
  1536 | D:2      | Found a faded altar of an unknown god.
  1539 | D:2      | Found a basalt altar of Yredelemnul.
  1545 | D:2      | Became a worshipper of Lugonu the Unformed
  1545 | D:2      | Reached * piety under Lugonu
  1545 | D:2      | Reached ** piety under Lugonu
  1576 | D:2      | Reached skill level 1 in Fighting
  1576 | D:2      | Reached skill level 1 in Short Blades
  1576 | D:2      | Reached skill level 1 in Long Blades
  1576 | D:2      | Reached skill level 1 in Axes
  1576 | D:2      | Reached skill level 1 in Maces & Flails
  1576 | D:2      | Reached skill level 1 in Polearms
  1576 | D:2      | Reached skill level 1 in Staves
  1576 | D:2      | Reached skill level 1 in Slings
  1576 | D:2      | Reached skill level 1 in Bows
  1576 | D:2      | Reached skill level 1 in Crossbows
  1576 | D:2      | Reached skill level 1 in Throwing
  1576 | D:2      | Reached skill level 1 in Armour
  1576 | D:2      | Reached skill level 1 in Shields
  1576 | D:2      | Reached skill level 1 in Unarmed Combat
  1576 | D:2      | Reached skill level 1 in Evocations
  1764 | D:2      | Found a glowing golden altar of the Shining One.
  1774 | D:2      | Reached XP level 4. HP: 32/32 MP: 8/13
  1824 | D:2      | Found a shimmering altar of Xom.
  2197 | D:2      | Gained mutation: You are frail. (-10% HP) [potion of
                  | mutation]
  2197 | D:2      | Gained mutation: You have a pair of small horns on your
                  | head. [potion of mutation]
  2310 | D:3      | Quit the game

Skill      XL: |  1  2  3 |
---------------+----------+-----
Conjurations   | 2 |  2.2
Summonings     | 2 |  2.2
Translocations | 2 |  2.2
Invocations    | 1 |  1.2
Fighting       | 1 |  1.1
Short Blades   | 1 |  1.1
Long Blades    | 1 |  1.1
Axes           | 1 |  1.1
Maces & Flails | 1 |  1.1
Polearms       | 1 |  1.1
Staves         | 1 |  1.1
Slings         | 1 |  1.1
Bows           | 1 |  1.1
Crossbows      | 1 |  1.1
Throwing       | 1 |  1.1
Armour         | 1 |  1.1
Shields        | 1 |  1.1
Unarmed Combat | 1 |  1.1
Evocations     | 1 |  1.1
Dodging        | |  4.6
Stealth        | |  4.2
Spellcasting   | |  7.2
Hexes          | |  0.8
Charms         | |  0.8
Necromancy     | |  0.8
Transmutations | |  0.8
Fire Magic     | |  0.8
Ice Magic      | |  0.8
Air Magic      | |  0.8
Earth Magic    | |  0.8
Poison Magic   | |  0.8

Action                   |  1- 3 |  4- 6 || total
-------------------------+-------+-------++-------
 Cast: Magic Dart        |   108 |    17 ||   125
  Use: Scroll            |     8 |       ||     8
       Potion            |       |     2 ||     2
  Eat: Ration            |     1 |       ||     1
Armor: Robe              |     2 |       ||     2
Dodge: Dodged            |    13 |     1 ||    14
